 Dungeon Crawl Stone Soup version 0.30-a0-339-g89bb51ec76 (webtiles) character file.

Game seed: 1431233754874282156

126 retardedninja the Shield-Bearer (level 4, -7/41 HPs)
             Began as a Minotaur Fighter on Oct 31, 2022.
             Killed by divine providence
             ... invoked by an orc priest
              (16 damage)
             ... on level 3 of the Dungeon.
             The game lasted 00:02:43 (1723 turns).

retardedninja the Shield-Bearer (Minotaur Fighter)  Turns: 1723, Time: 00:02:43

Health: -7/41      AC:  8    Str: 23    XL:     4   Next: 83%
Magic:  3/3        EV:  9    Int:  5    God:
Gold:   98         SH:  5    Dex: 11    Spells: 3/3 levels left

rFire   . . .      SeeInvis .    u - +2 spear of Contradiction {flame, Dex+2}
rCold   . . .      Faith    .    c - +0 buckler
rNeg    . . .      Spirit   .    b - +0 scale mail
rPois   .          Reflect  .    (helmet restricted)
rElec   .          Harm     .    n - +0 cloak
rCorr   .          Rampage  .    (no gloves)
Will    .....                    (no boots)
Stlth   ..........               g - amulet of regeneration
HPRegen 1.06/turn                (no ring)
MPRegen 0.08/turn                (no ring)

@: no status effects
A: horns 2, retaliatory headbutt
a: no special abilities


You were on level 3 of the Dungeon.
You visited 1 branch of the dungeon, and saw 3 of its levels.

You collected 98 gold pieces.

Inventory:

Hand Weapons
 u - the +2 spear of Contradiction (weapon) {flame, Dex+2}
   (You found it on level 3 of the Dungeon)

   It burns those it strikes, dealing additional fire damage.
   Dex:       It affects your dexterity (+2).
Missiles
 s - 7 boomerangs (quivered)
Armour
 b - a +0 scale mail (worn)
 c - a +0 buckler (worn)
 n - a +0 cloak (worn)
Jewellery
 g - an amulet of regeneration (around neck)
Wands
 k - a wand of flame (11)
 o - a wand of mindburst (14)
Scrolls
 a - a scroll of amnesia {unknown}
 e - 3 scrolls of immolation {unknown}
 f - 3 scrolls of blinking {unknown}
 h - a scroll of enchant weapon {unknown}
 i - 3 scrolls of identify {unknown}
 m - a scroll of poison {unknown}
 r - a scroll of noise {unknown}
 t - a scroll of vulnerability {unknown}
Potions
 d - 3 potions of might
 j - a potion of flight {unknown}
 l - a potion of resistance {unknown}
 p - a potion of attraction {unknown}
 q - a potion of mutation {unknown}


   Skills:
 + Level 4.6 Fighting
 + Level 3.7 Polearms
 + Level 4.5 Armour
 + Level 4.6 Shields


You had 3 spell levels left.
You didn't know any spells.
Your spell library was empty.

Dungeon Overview and Level Annotations

Branches:
Dungeon (3/15)

Altars:


Innate Abilities, Weirdness & Mutations

You have a pair of horns on your head.
You reflexively headbutt those who attack you in melee.


Message History

You kill the orc!
You reach to attack!
You closely miss the orc priest.
The orc priest invokes the aid of Beogh against you.
Beogh smites you!
You are too injured to fight recklessly!
You are too injured to fight recklessly!
You are too injured to fight recklessly!
You are too injured to fight recklessly!
You are too injured to fight recklessly!
You are too injured to fight recklessly!
You are too injured to fight recklessly!
You are too injured to fight recklessly!
You are too injured to fight recklessly!
You are too injured to fight recklessly!
You are too injured to fight recklessly!
You are too injured to fight recklessly!
Unknown command.
The orc hits you with a +1 flail of protection.
You hit the orc but do no damage. The orc closely misses you.
You furiously retaliate!
You headbutt the orc. You hit the orc but do no damage.
The orc is moderately wounded.
The orc hits you with a +1 flail of protection.
You puncture the orc! You burn the orc.
You kill the orc!
The orc priest calls down the wrath of Beogh upon you.
Beogh smites you!
* * * LOW HITPOINT WARNING * * *
You block the orc priest's attack.
Things that are here:
a +1 flail of protection; an orc corpse You puncture the orc priest!
You burn the orc priest.
The orc priest is heavily wounded.
The orc priest hits you with a +0 war axe.
* * * LOW HITPOINT WARNING * * *
You hit the orc priest. You burn the orc priest.
The orc priest is severely wounded.
The orc priest calls down the wrath of Beogh upon you.
Beogh smites you!
You die...

#.......# #... #.......#
#... #.......# #...
#.......# ## #... #.......#
...#... #......)# #..!..
#......)#
#...)##.......########
#...o@................
########
##$..##.).....#.######
.......# ####
#####........... .#####.#
#.........(. .#
#.########### #...........
## #...........#
#...........
#########..).....#
##..........# ....#
#........# #....)#####.#
###.#####........####.#...##
.#


You could see an orc priest.

Vanquished Creatures
  Jessica (D:2)
  3 adders (D:2)
  3 worms
  8 orcs
  4 ball pythons (D:1)
  6 endoplasms
  A giant cockroach (D:2)
  9 goblins
  4 hobgoblins
  2 jackals (D:2)
  3 quokkas
  5 bats (D:1)
  A frilled lizard (D:1)
  A kobold (D:3)
  A rat (D:2)
52 creatures vanquished.

Notes
Turn   | Place    | Note
-------+----------+-------------------------------------------
     0 | D:1      | retardedninja the Minotaur Fighter began the quest for the
                  | Orb.
     0 | D:1      | Reached XP level 1. HP: 19/19 MP: 0/0
   155 | D:1      | Reached XP level 2. HP: 27/27 MP: 1/1
   706 | D:1      | Reached XP level 3. HP: 33/33 MP: 2/2
   943 | D:2      | Noticed Jessica
   947 | D:2      | Killed Jessica
   948 | D:2      | Reached XP level 4. HP: 41/41 MP: 3/3
  1569 | D:3      | Identified the +2 spear of Contradiction {flame, Dex+2}
  1723 | D:3      | Killed from afar by an orc priest

Illustrated notes

Levels and vault maps discovered:
D:1:      minmay_arrival_four_houses, layout_loops_ring
D:2:      layout_loops_ring, kennysheep_nub, kennysheep_generic_room_2,
          uniq_jessica
D:3:      layout_basic, marbit_many_paths

Skill      XL: |  1  2 |
---------------+-------+-----
Shields        | 4 |  4.6
Fighting       | 4 |  4.6
Armour         | 4 |  4.5
Polearms       | 3 |  3.7

Action                   |  1- 3 |  4- 6 || total
-------------------------+-------+-------++-------
Melee: Trident           |    65 |    36 ||   101
       Headbutt          |     9 |     8 ||    17
       Spear             |       |    13 ||    13
Throw: Boomerang         |       |    15 ||    15
Armor: Scale mail        |    24 |    15 ||    39
Dodge: Dodged            |    18 |    15 ||    33
Block: Buckler           |     3 |    10 ||    13

Table legend: (Time is in decaauts)
 A = Elapsed time spent in this place.
 B = Non-inter-level travel time spent in this place.
 C = Inter-level travel time spent in this place.
 D = Time resting spent in this place.
 E = Time spent auto-exploring this place.
 F = Levels seen in this place.
 G = Mean time per level.
                   A        B        C        D        E       F      G
               +--------+--------+--------+--------+--------+-----+--------+
         Total |   1758 |   1696 |     62 |      0 |   1377 |   3 |  586.0 |
       Dungeon |   1758 |   1696 |     62 |      0 |   1377 |   3 |  586.0 |
               +--------+--------+--------+--------+--------+-----+--------+

Top non-repeatable levels by time:
     D:2: 773 daAuts
     D:1: 770 daAuts
     D:3: 215 daAuts
